 Dungeon Crawl Stone Soup version 0.31.0-1-g2c135a0 (webtiles) character file.

Game seed: 12260224658178330709

8496 Fuzzwah the Spear-Bearer (level 11, -11/142 HPs)
             Began as a Minotaur Berserker on Feb 3, 2024.
             Was a High Priest of Trog.
             Mangled by a skyshark (24 damage)
             ... on level 1 of the Lair of Beasts.
             The game lasted 00:20:25 (7708 turns).

Fuzzwah the Spear-Bearer (Minotaur Berserker)       Turns: 7708, Time: 00:20:25

Health: -11/142    AC: 21    Str: 31    XL:     11   Next: 10%
Magic:  3/3        EV: 10    Int:  7    God:    Trog [*****.]
Gold:   302        SH:  0    Dex: 13    Spells: 10/10 levels left

rFire   + . .        f - +3 battleaxe "Zyonig" {antimagic, Str+2}
rCold   . . .        (shield currently unavailable)
rNeg    . . .        g - +7 plate armour of the Other Side {rF+ Will+ Int+3}
rPois   .            (helmet restricted)
rElec   .            (no cloak)
rCorr   .            (no gloves)
SInv    .            (no boots)
Will    +....        c - amulet of faith {!P} Stlth
                     S - +6 ring of strength
HPRegen 0.43/turn    (no ring)
MPRegen 0.08/turn

%: faith
@: berserking, very quick
A: horns 2, retaliatory headbutt
a: Renounce Religion, Berserk, Trog's Hand, Brothers in Arms


You were on level 1 of the Lair of Beasts.
You worshipped Trog.
Trog was extremely pleased with you.
You visited 2 branches of the dungeon, and saw 10 of its levels.

You collected 472 gold pieces.
You spent 170 gold pieces at shops.


Innate Abilities, Weirdness & Mutations

You have a pair of horns on your head.
You reflexively headbutt those who attack you in melee.


   Skills:
 + Level 8.8 Fighting
 * Level 8.4(11.5) Axes
 - Level 12.4(13.4) Polearms
 * Level 10.2 Armour
 + Level 5.1 Dodging
 - Level 1.2 Stealth
 + Level 4.0 Unarmed Combat


You had 10 spell levels left.
You didn't know any spells.
Your spell library was empty.

Inventory:

Hand Weapons
 f - the +3 battleaxe "Zyonig" (weapon) {antimagic, Str+2}
   (Trog gifted it to you on level 8 of the Dungeon)

   Str+2:     It affects your strength (+2).
Missiles
 q - 4 curare-tipped darts {=f}
 t - 11 poisoned darts (quivered)
Armour
 g - the +7 plate armour of the Other Side (worn) {rF+ Will+ Int+3}
   (You found it on level 2 of the Dungeon)

   Int+3:     It affects your intelligence (+3).
   rF+:       It protects you from fire.
   Will+:     It increases your willpower.
Jewellery
 c - an amulet of faith (around neck) {!P}
 v - an amulet of regeneration
 S - a +6 ring of strength (left hand)
Wands
 r - a wand of iceblast (12)
Scrolls
 h - 2 scrolls of blinking
 i - 2 scrolls of teleportation {@r2}
 l - 3 scrolls of enchant armour
 m - 5 scrolls of identify {@r1}
 p - a scroll of revelation
Potions
 b - a potion of lignification {unknown}
 e - 7 potions of curing {@q1}
 j - a potion of resistance
 k - 2 potions of haste {@q3}
 n - a potion of might
 s - a potion of heal wounds {unknown}
 u - 2 potions of attraction
 w - 2 potions of enlightenment {unknown}

Dungeon Overview and Level Annotations

Branches:
Dungeon (9/15)             Temple (0/1) D:5            Lair (1/5) D:9
    Orc: D:9-12

Altars:
Ashenzari
Cheibriados
Fedhas
Ru
Xom
Zin

Shops:
D:3 (   D:4 (?   D:5 ![:

Annotations:
D:4 1 transporter, hungryneko's ghost, amateur GrFi
D:7 1 runed translucent door, Biscolet's ghost, novice DjHW
D:9 3 runed translucent doors, Agrajag's ghost, novice MiBe
Lair:1 Fannar

.....# .$...##
#..... # #.#..
.. ##...
...###..P#
.......Fe#
..###..@###
#.........#####
##P#.##....P#P##
# #.........##
#..........##..
#..............
.......#.######
... ##.........#
#..
###....##.#####
#.#


You could see Fannar (magic disrupted) and a skyshark (berserk).


Message History

You are too injured to fight recklessly!
You miss Fannar. Your headbutt misses Fannar.
Fannar is heavily wounded.
You slash the skyshark! The skyshark bites you!
* * * LOW HITPOINT WARNING * * *
The skyshark barely misses you.
The skyshark tail-slaps you but does no damage.
Fannar hits you with a +0 quarterstaff of freezing.
* * * LOW HITPOINT WARNING * * *
Fannar freezes you.
* * * LOW HITPOINT WARNING * * *
You closely miss Fannar.
Fannar is heavily wounded.
You hit the skyshark.
Fannar's magic is no longer disrupted.
The skyshark bites you.
* * * LOW HITPOINT WARNING * * *
The skyshark tail-slaps you but does no damage.
The skyshark barely misses you.
You hit Fannar.
Fannar's magic leaks into the air.
Fannar is heavily wounded.
You hit the skyshark. The skyshark barely misses you.
The skyshark tail-slaps you but does no damage. x2
Fannar hits you with a +0 quarterstaff of freezing.
* * * LOW HITPOINT WARNING * * *
Fannar freezes you.
* * * LOW HITPOINT WARNING * * *
You slash Fannar!
Fannar's magic leaks into the air.
You headbutt Fannar!
Fannar is severely wounded.
You barely miss the skyshark. The skyshark bites you!!
You die...

Skill      XL: |  1  2  3  4  5  6  7  8  9 10 11 |
---------------+----------------------------------+-----
Axes           | 4 5 6 8 |  8.4
Unarmed Combat | 1 2 3 4 |  4.0
Fighting       | 4 5 6 7 8 |  8.8
Armour         | 3 4 5 6 8 10 | 10.2
Dodging        | 3 5 |  5.1
Polearms       | 1 2 5 9 11 12 | 12.4
Stealth        | 1 |  1.2

Action                     |  1- 3 |  4- 6 |  7- 9 | 10-12 || total
---------------------------+-------+-------+-------+-------++-------
  Melee: Hand axe          |    47 |    45 |       |       ||    92
         Headbutt          |     6 |     8 |    42 |    18 ||    74
         Glaive            |       |    25 |   285 |    16 ||   326
         Battleaxe         |       |       |       |    96 ||    96
 Invoke: Berserk           |       |     1 |     2 |     3 ||     6
    Use: Scroll            |     5 |     9 |     2 |       ||    16
         Potion            |       |       |     1 |     1 ||     2
 Armour: Chain mail        |    25 |       |       |       ||    25
         Animal skin       |     2 |       |       |       ||     2
         Plate armour      |       |    46 |   273 |   144 ||   463
  Dodge: Dodged            |    26 |    25 |   142 |    72 ||   265

Levels and vault maps discovered:
D:1:      dpeg_arrival_rooms_with_view, layout_loops_ring,
          chequers_serial_rivers_small_b
D:2:      layout_loops_corners, uniq_jessica
D:3:      layout_basic, serial_shops, shop, nicolae_underground_beach
D:4:      layout_basic, cheibrodos_worm_habitat, mainiacjoe_overflow_alcove_2,
          serial_shops, kennysheep_little_box, nicolae_shop_real_fake_doors,
          serial_rivers, chequers_serial_rivers_room_a,
          chequers_serial_rivers_room_b, chequers_serial_rivers_small_a,
          chequers_serial_rivers_room_b, gammafunk_ghost_smash,
          uniq_blork_the_orc, uniq_grinder
D:5:      layout_loops_ring, tgw_xom, minmay_temple_entry_ruins,
          lightli_sewer_entry_pipes, serial_shops, nicolae_shop_tiny_glass,
          nicolae_shop_peninsula, shop
D:6:      layout_cave_pools, mainiacjoe_overflow_concentric_impassable,
          cheibrodos_ashenzari_chains, mainiacjoe_overflow_small_starburst
D:7:      layout_rooms, ebering_ghost_reflecting_pool, grunt_decor_cap
D:8:      layout_cave_pools, small_chamber_with_monster
D:9:      layout_basic, lair_entry_dummy, biasface_ghost_orc_armoury,
          dreamdust_princess_corridor
Lair:1:   lemuel_ratsnest, layout_misc_corridors, nicolae_lair_lil_pond,
          uniq_fannar, uniq_erica

Notes
Turn   | Place    | Note
-------+----------+-------------------------------------------
     0 | D:1      | Fuzzwah the Minotaur Berserker began the quest for the Orb.
     0 | D:1      | Reached XP level 1. HP: 19/19 MP: 0/0
   339 | D:1      | Reached XP level 2. HP: 27/27 MP: 1/1
   793 | D:2      | Reached skill level 4 in Axes
   802 | D:2      | Reached skill level 1 in Unarmed Combat
   886 | D:2      | Reached skill level 4 in Fighting
   886 | D:2      | Reached XP level 3. HP: 27/33 MP: 2/2
  1162 | D:2      | Noticed Jessica
  1168 | D:2      | Killed Jessica
  1169 | D:2      | Reached skill level 3 in Armour
  1169 | D:2      | Reached XP level 4. HP: 33/40 MP: 3/3
  1199 | D:2      | Identified the +7 plate armour of the Other Side {rF+ Will+
                  | Int+3}
  1731 | D:3      | Reached ** piety under Trog
  1999 | D:3      | Found Teytucuacs's Antique Weapon Boutique.
  2697 | D:4      | Identified a potion of resistance
  2706 | D:4      | Found a blossoming altar of Fedhas.
  2777 | D:4      | Identified the +10 great mace "Kaiclin" {freeze, rElec rF+}
  2777 | D:4      | Noticed an ogre
  2777 | D:4      | Noticed an ogre
  2778 | D:4      | Noticed hungryneko's ghost (amateur GrFi)
  2779 | D:4      | Noticed an ogre
  2780 | D:4      | Found a transporter.
  2876 | D:4      | Noticed Blork the orc
  2893 | D:4      | Killed Blork the orc
  2894 | D:4      | Reached skill level 5 in Axes
  2894 | D:4      | Reached skill level 3 in Dodging
  2894 | D:4      | Reached skill level 2 in Unarmed Combat
  2894 | D:4      | Reached XP level 5. HP: 47/47 MP: 4/4
  2903 | D:4      | Noticed Grinder
  2909 | D:4      | Paralysed by Grinder for 3 turns
  2917 | D:4      | Killed Grinder
  2918 | D:4      | Reached skill level 6 in Axes
  2918 | D:4      | Reached skill level 1 in Polearms
  2918 | D:4      | Reached skill level 4 in Armour
  2918 | D:4      | Reached XP level 6. HP: 25/53 MP: 5/5
  3091 | D:4      | Reached skill level 5 in Armour
  3176 | D:4      | Found Hupax's Magic Scroll Shoppe.
  3179 | D:4      | Bought a scroll of blinking for 75 gold pieces
  3179 | D:4      | Bought a scroll of identify for 20 gold pieces
  3179 | D:4      | Bought a scroll of enchant armour for 75 gold pieces
  3240 | D:4      | Found a snail-covered altar of Cheibriados.
  3252 | D:4      | Found Kumn's Antique Weapon Boutique.
  3543 | D:5      | Entered Level 5 of the Dungeon
  3573 | D:5      | Reached skill level 2 in Polearms
  3573 | D:5      | Reached XP level 7. HP: 58/60 MP: 6/6
  3584 | D:5      | Reached skill level 3 in Polearms
  3589 | D:5      | Reached skill level 1 in Stealth
  3589 | D:5      | Noticed a yak
  3592 | D:5      | Noticed a yak
  3593 | D:5      | Noticed a yak
  3597 | D:5      | Reached *** piety under Trog
  3597 | D:5      | Noticed a yak
  3598 | D:5      | Reached skill level 4 in Polearms
  3598 | D:5      | Noticed a yak
  3603 | D:5      | Killed a yak
  3603 | D:5      | Noticed a yak
  3604 | D:5      | Reached skill level 5 in Fighting
  3606 | D:5      | Killed a yak
  3607 | D:5      | Reached skill level 5 in Polearms
  3607 | D:5      | Reached XP level 8. HP: 68/68 MP: 7/7
  3609 | D:5      | Reached skill level 6 in Polearms
  3609 | D:5      | Reached skill level 6 in Armour
  3618 | D:5      | Reached skill level 7 in Polearms
  3621 | D:5      | Reached skill level 6 in Fighting
  3622 | D:5      | Reached skill level 8 in Polearms
  3792 | D:5      | Found a staircase to the Ecumenical Temple.
  3816 | D:5      | Found Tiatuam's Antique Armour Shoppe.
  3904 | D:5      | Found Ahetuz's Book Shoppe.
  4046 | D:5      | Found Zoafaf Pank's Distillery.
  4093 | D:5      | Found a shimmering altar of Xom.
  4247 | D:5      | Reached skill level 9 in Polearms
  4252 | D:5      | Reached XP level 9. HP: 78/78 MP: 8/8
  4567 | D:5      | Reached **** piety under Trog
  4724 | D:6      | Reached skill level 10 in Polearms
  4724 | D:6      | Reached skill level 7 in Armour
  4829 | D:6      | Found a broken altar of Ashenzari.
  4851 | D:6      | Found a sacrificial altar of Ru.
  5195 | D:6      | Found a glowing silver altar of Zin.
  5463 | D:7      | Reached skill level 11 in Polearms
  5492 | D:7      | Found a runed translucent door.
  5497 | D:7      | Noticed Biscolet's ghost (novice DjHW)
  5524 | D:7      | Reached skill level 7 in Fighting
  5524 | D:7      | Reached skill level 8 in Armour
  5670 | D:7      | Reached ***** piety under Trog
  6037 | D:8      | Reached XP level 10. HP: 86/86 MP: 9/9
  6052 | D:8      | Reached skill level 12 in Polearms
  6054 | D:8      | Identified the +3 battleaxe "Zyonig" {antimagic, Str+2}
                  | (Trog gifted it to you on level 8 of the Dungeon)
  6054 | D:8      | Received a gift from Trog
  6262 | D:8      | Reached skill level 4 in Dodging
  6534 | D:8      | Noticed a tengu warrior
  6544 | D:8      | Killed a tengu warrior
  6545 | D:8      | Reached skill level 8 in Fighting
  6545 | D:8      | Reached skill level 7 in Axes
  6545 | D:8      | Reached skill level 9 in Armour
  6602 | D:9      | Reached skill level 3 in Unarmed Combat
  7000 | D:9      | Noticed a two-headed ogre
  7005 | D:9      | Killed a two-headed ogre
  7006 | D:9      | Reached skill level 8 in Axes
  7073 | D:9      | Found a runed translucent gate.
  7075 | D:9      | Found a runed translucent gate.
  7076 | D:9      | Noticed Agrajag's ghost (novice MiBe)
  7077 | D:9      | Found a runed translucent gate.
  7375 | D:9      | Found a staircase to the Lair.
  7636 | Lair:1   | Entered Level 1 of the Lair of Beasts
  7684 | Lair:1   | Noticed a cane toad
  7685 | Lair:1   | Noticed a cane toad
  7687 | Lair:1   | Killed a cane toad
  7687 | Lair:1   | Noticed Fannar
  7688 | Lair:1   | Reached skill level 10 in Armour
  7688 | Lair:1   | Reached skill level 5 in Dodging
  7688 | Lair:1   | Reached XP level 11. HP: 76/95 MP: 3/10
  7697 | Lair:1   | Reached skill level 4 in Unarmed Combat
  7698 | Lair:1   | Noticed a skyshark
  7707 | Lair:1   | HP: 13/142 [Fannar/+0 quarterstaff of freezing (2)]
  7708 | Lair:1   | Mangled by a skyshark

Vanquished Creatures
  A two-headed ogre (D:9)
  A tengu warrior (D:8)
  2 cane toads (Lair:1)
  A komodo dragon (Lair:1)
  A troll (D:9)
  A hornet (D:9)
  Grinder (D:4)
  15 yaks
  3 wyverns
  3 steam dragons
  2 water moccasins (Lair:1)
  An ice beast (D:7)
  A black bear (D:6)
  A centaur (D:5)
  3 kobold brigands
  7 bullfrogs
  Blork the orc (D:4)
  A gnoll sergeant (D:8)
  A scorpion (D:5)
  5 wights (D:6)
  A bombardier beetle (D:7)
  5 howler monkeys
  9 hounds
  A jelly (D:5)
  3 orc priests
  3 iguanas
  Jessica (D:2)
  10 orc wizards
  2 sleepcaps
  5 gnolls
  15 adders
  5 river rats (D:5)
  2 shadow imps (D:7)
  A white imp (D:5)
  4 ufetubi
  4 ribbon worms
  2 dart slugs
  26 orcs
  11 endoplasms
  4 giant cockroaches
  6 goblins
  5 hobgoblins
  10 kobolds
  A quokka (D:1)
  3 ball pythons
  6 bats
  2 frilled lizards (D:3)
  4 rats
203 creatures vanquished.

Table legend: (Time is in decaauts)
 A = Elapsed time spent in this place.
 B = Non-inter-level travel time spent in this place.
 C = Inter-level travel time spent in this place.
 D = Time resting spent in this place.
 E = Time spent auto-exploring this place.
 F = Levels seen in this place.
 G = Mean time per level.
                   A        B        C        D        E       F      G
               +--------+--------+--------+--------+--------+-----+--------+
         Total |   7859 |   7488 |    371 |    529 |   5693 |  10 |  785.9 |
       Dungeon |   7785 |   7414 |    371 |    529 |   5663 |   9 |  865.0 |
          Lair |     73 |     73 |      0 |      0 |     30 |   1 |   73.0 |
               +--------+--------+--------+--------+--------+-----+--------+

Top non-repeatable levels by time:
     D:5: 1110 daAuts
     D:9: 1067 daAuts
     D:2: 1021 daAuts
     D:4: 965 daAuts
     D:3: 887 daAuts
     D:6: 716 daAuts
     D:1: 708 daAuts
     D:8: 659 daAuts
     D:7: 648 daAuts
  Lair:1: 73 daAuts

Table legend:
 A = Non-vault XP
 B = Vault XP
 C = Vault XP percentage of total XP
 D = Non-vault monster count
 E = Vault monster count
 F = Vault count percentage of total count
                 A         B        C        D         E       F
            +---------+---------+-------+---------+---------+-------
      Total |   10608 |    1530 |  12.6 |     175 |      28 |  13.8
            +---------+---------+-------+---------+---------+-------
        D:1 |      10 |       4 |  28.6 |       6 |       2 |  25.0
        D:2 |      73 |      37 |  33.6 |      19 |       1 |   5.0
        D:3 |      35 |       0 |   0.0 |      17 |       0 |   0.0
        D:4 |      60 |     380 |  86.4 |       6 |       3 |  33.3
        D:5 |    2003 |     288 |  12.6 |      28 |      21 |  42.9
        D:6 |    1078 |       0 |   0.0 |      24 |       0 |   0.0
        D:7 |    1100 |       0 |   0.0 |      20 |       0 |   0.0
        D:8 |    2415 |     821 |  25.4 |      27 |       1 |   3.6
        D:9 |    2165 |       0 |   0.0 |      22 |       0 |   0.0
     Lair:1 |    1669 |       0 |   0.0 |       6 |       0 |   0.0
            +---------+---------+-------+---------+---------+-------
